 Dungeon Crawl Stone Soup version 0.27-a0-1158-gaa87e14f67 (webtiles) character file.

Game seed: 12681566539341933080

230 roflturtle the Conjurer (level 5, -4/41 HPs)
             Began as a Demigod Conjurer on May 16, 2021.
             Slain by an ogre
             ... wielding a +0 giant club
              (21 damage)
             ... on level 3 of the Dungeon.
             The game lasted 00:14:08 (3056 turns).

roflturtle the Conjurer (Demigod Conjurer)          Turns: 3056, Time: 00:14:10

Health: -4/41      AC:  2    Str:  8    XL:     5   Next: 43%
Magic:  0/12       EV: 12    Int: 24    God:
Gold:   124        SH:  0    Dex: 12    Spells: 4/10 levels left

rFire    . . .     SeeInvis .   b - +2 dagger (venom)
rCold    . . .     Faith    .   (no shield)
rNeg     . . .     Spirit   .   a - +0 robe
rPois    .         Reflect  .   (no helmet)
rElec    .         Harm     .   (no cloak)
rCorr    .         Rampage  .   (no gloves)
Will     .....                  (no boots)
Stlth    ++........             (no amulet)
HPRegen  0.13/turn              (no ring)
MPRegen  0.13/turn              (no ring)

@: no status effects
A: high mp 1, forlorn
a: no special abilities


You were on level 3 of the Dungeon.
You visited 1 branch of the dungeon, and saw 3 of its levels.

You collected 160 gold pieces.
You spent 36 gold pieces at shops.

Inventory:

Hand Weapons
 b - a +2 dagger of venom (weapon)
Missiles
 e - 3 atropa-tipped darts
Armour
 a - a +0 robe (worn)
Jewellery
 j - an amulet of guardian spirit
Wands
 n - a wand of flame (17)
Scrolls
 d - a scroll of torment {unknown}
 f - a scroll of enchant weapon {unknown}
 h - a scroll of acquirement {unknown}
 i - 2 scrolls of identify
 k - a scroll of vulnerability {unknown}
 l - a scroll of blinking {unknown}
 o - 2 scrolls of fog {unknown}
Potions
 c - a potion of mutation {unknown}
 g - 2 potions of lignification
 m - a potion of curing {unknown}


   Skills:
 - Level 2.0 Fighting
 - Level 3.0 Dodging
 - Level 3.1 Stealth
 - Level 3.0 Spellcasting
 + Level 4.0 Conjurations


You had 4 spell levels left.
You knew the following spells:

 Your Spells              Type           Power      Damage    Failure   Level
a - Magic Dart            Conj           92%        1d7       1%          1
b - Searing Ray           Conj           46%        3d4       3%          2
c - Dazzling Flash        Conj/Hex       26%        N/A       14%         3

Your spell library contained the following spells:

 Spells                   Type           Power      Damage    Failure   Level
 Conjure Flame            Conj/Fire      13%        6-21      14%         3
 Blink                    Tloc           N/A        N/A       16%         2
 Call Imp                 Summ           3%         N/A       16%         2
 Slow                     Hex            3%         N/A       16%         2
 Mephitic Cloud           Conj/Pois/Air  10%        N/A       19%         3
 Fulminant Prism          Conj/Hex       6%         3d7       43%         4
 Iskenderun's Mystic Bla  Conj/Tloc      13%        2d5       43%         4


Dungeon Overview and Level Annotations

Branches:
Dungeon (3/15)

Shops:
D:3 ?

Annotations:
D:2 Sigmund
D:3 1 runed translucent door, pubby's ghost, amateur DjMo


Innate Abilities, Weirdness & Mutations

Your attributes grow dramatically as you level up.
You have an increased reservoir of magic. (+10% MP)
You shall have no god before yourself.


Message History

The magic dart hits the ogre.
The ogre is almost dead.
A dart slug comes into view.
Casting: Magic Dart (safe; 1% risk of failure)
Confirm with . or Enter, or press ? or * to list all spells.
Casting: Dazzling Flash (dangerous; 14% risk of failure)
Confirm with . or Enter, or press ? or * to list all spells.
Aiming: Magic Dart (safe; 1% risk of failure)
Press: ? - help, Shift-Dir - straight line, f/p - ogre
Aim: an ogre, wielding a +0 giant club (almost dead, 100% to hit)
The magic dart hits the ogre but does no damage.
The ogre is almost dead.
The ogre closely misses you.
Casting: Magic Dart (safe; 1% risk of failure)
Confirm with . or Enter, or press ? or * to list all spells.
Aiming: Magic Dart (safe; 1% risk of failure)
Press: ? - help, Shift-Dir - straight line, f/p - ogre
Aim: an ogre, wielding a +0 giant club (almost dead, 100% to hit)
The magic dart hits the ogre but does no damage.
The ogre is almost dead.
The ogre hits you with a +0 giant club!!
Ouch! That really hurt!
Casting: Magic Dart (safe; 1% risk of failure)
Confirm with . or Enter, or press ? or * to list all spells.
Aiming: Searing Ray (safe; 3% risk of failure)
Press: ? - help, Shift-Dir - straight line, f/p - ogre
Aim: an ogre, wielding a +0 giant club (almost dead, 89% to hit)
The searing ray misses the ogre. (Press . to maintain the ray.)
The ogre closely misses you.
Casting: Searing Ray (safe; 3% risk of failure)
Confirm with . or Enter, or press ? or * to list all spells.
Aiming: Magic Dart (safe; 1% risk of failure)
Press: ? - help, Shift-Dir - straight line, f/p - ogre
Aim: an ogre, wielding a +0 giant club (severely wounded, 100% to hit)
The magic dart hits the ogre but does no damage.
The ogre is severely wounded.
The ogre hits you with a +0 giant club!!
Ouch! That really hurt!
You die...

#).##....# #.........
'#####..#### #########.........
##...##'#..####.....#...........
#.....##....##........w.........#
.......'....#....................
...8...##..##....<...............
.......##'##.....................
#.....##.)##.....................
##..)##....#....@O...............
.#####'....###........>..........
..##..##..##.....................
..'....####......##.............#
.##....#....#######..#####.......
####..##....#W....##.### ##......
...##'#.....+≈≈≈≈$##...# ##.....
............#...).####.### #.....
....>.......####### #...###...[.


You could see an ogre and a dart slug.

Vanquished Creatures
  A hound (D:3)
  Terence (D:2)
  An iguana (D:3)
  A hound skeleton (D:3)
  4 gnolls (D:2)
  2 adders (D:3)
  2 worms (D:3)
  3 dart slugs
  7 ball pythons
  6 endoplasms
  4 giant cockroaches
  7 goblins
  4 hobgoblins
  9 jackals (D:1)
  5 bats
  4 frilled lizards
  8 kobolds
  4 rats
73 creatures vanquished.

Notes
Turn   | Place    | Note
-------+----------+-------------------------------------------
     0 | D:1      | roflturtle the Demigod Conjurer began the quest for the
                  | Orb.
     0 | D:1      | Reached XP level 1. HP: 14/14 MP: 5/5
   419 | D:1      | Reached XP level 2. HP: 13/20 MP: 4/7
   422 | D:1      | Learned a level 2 spell: Searing Ray
   639 | D:1      | Reached skill level 4 in Conjurations
   956 | D:1      | Reached skill level 1 in Fighting
  1334 | D:2      | Noticed Terence
  1341 | D:2      | Killed Terence
  1342 | D:2      | Reached XP level 3. HP: 23/28 MP: 2/9
  1542 | D:2      | Learned a level 3 spell: Dazzling Flash
  1714 | D:2      | Reached XP level 4. HP: 35/35 MP: 5/11
  1857 | D:2      | Noticed Sigmund
  2152 | D:3      | Found a runed translucent door.
  2159 | D:3      | Noticed pubby's ghost (amateur DjMo)
  2185 | D:3      | Noticed an ogre
  2200 | D:3      | Found Hesofofui's Magic Scroll Boutique.
  2438 | D:3      | Reached XP level 5. HP: 41/41 MP: 6/12
  2491 | D:3      | Bought a scroll of identify for 24 gold pieces
  2491 | D:3      | Bought a scroll of noise for 12 gold pieces
  3056 | D:3      | Slain by an ogre

Illustrated notes

Levels and vault maps discovered:
D:1:      beargit_arrival_greenhouse, layout_basic, serial_corexii_hall,
          corexii_hall_statues_l, chequers_hall_statues_corner_a,
          corexii_hall_statues_x, chequers_hall_statues_y
D:2:      layout_loops_corners, minmay_strange_pillars, minmay_quantized,
          uniq_sigmund, uniq_terence
D:3:      minmay_bubble_buster, layout_rooms, okawaru_gym_becter, serial_shops,
          shop_fountains, shapermc_ecumenical_altar_notcrosses,
          ebering_ghost_reflecting_pool, minmay_misc_feat_iff

Skill      XL: |  1  2  3  4  5 |
---------------+----------------+-----
Spellcasting   | 2 3 |  3.0
Dodging        | 2 3 |  3.0
Stealth        | 2 3 |  3.1
Conjurations   | 4 |  4.0
Fighting       | 1 2 |  2.0

Action                   |  1- 3 |  4- 6 || total
-------------------------+-------+-------++-------
Melee: Unarmed           |     7 |       ||     7
       Hand axe          |     3 |       ||     3
       Dagger            |    14 |    59 ||    73
       Short sword       |     5 |       ||     5
 Cast: Magic Dart        |    47 |    47 ||    94
       Searing Ray       |     5 |     6 ||    11
       Dazzling Flash    |       |     1 ||     1
  Use: Scroll            |       |     1 ||     1
 Stab: Sleeping          |       |     3 ||     3
Armor: Robe              |    12 |    12 ||    24
Dodge: Dodged            |    20 |    51 ||    71

Table legend: (Time is in decaauts)
 A = Elapsed time spent in this place.
 B = Non-inter-level travel time spent in this place.
 C = Inter-level travel time spent in this place.
 D = Time resting spent in this place.
 E = Time spent auto-exploring this place.
 F = Levels seen in this place.
 G = Mean time per level.
                   A        B        C        D        E       F      G
               +--------+--------+--------+--------+--------+-----+--------+
         Total |   3055 |   3004 |     51 |    641 |   1701 |   3 | 1018.3 |
       Dungeon |   3055 |   3004 |     51 |    641 |   1701 |   3 | 1018.3 |
               +--------+--------+--------+--------+--------+-----+--------+

Top non-repeatable levels by time:
     D:1: 1225 daAuts
     D:3: 1035 daAuts
     D:2: 793 daAuts
